 Dungeon Crawl Stone Soup version 0.29.1-12-g30fa7ad0bf (webtiles) character file.

Game seed: 13702032137813386062

44 hawla the Chiller (level 4, 0/34 HPs)
             Began as a Meteoran Ice Elementalist on Dec 28, 2022.
             Slain by a hobgoblin (4 damage)
             ... on level 3 of the Dungeon.
             The game lasted 00:01:55 (270 turns).

hawla the Chiller (Meteoran Ice Elementalist)        Turns: 270, Time: 00:01:56

Health: 0/34       AC:  3    Str:  9    XL:     4   Next: 10%
Magic:  9/10       EV: 13    Int: 18    God:
Gold:   91         SH:  0    Dex: 15    Spells: 8/9 levels left

rFire   . . .      SeeInvis .   (no weapon)
rCold   . . .      Faith    .   (no shield)
rNeg    . . .      Spirit   .   a - +0 robe
rPois   .          Reflect  .   (no helmet)
rElec   .          Harm     .   (no cloak)
rCorr   .          Rampage  .   (no gloves)
Will    .....                   e - +0 pair of boots
Stlth   +.........              (no amulet)
HPRegen 0.11/turn               (no ring)
MPRegen 0.12/turn               (no ring)

@: glowing
A: sense surroundings 1, otherworldly, glowing, explore regen
a: no special abilities


You were on level 3 of the Dungeon.
You visited 1 branch of the dungeon, and saw 3 of its levels.

You collected 91 gold pieces.

Inventory:

Armour
 a - a +0 robe (worn)
 e - a +0 pair of boots (worn)


   Skills:
 + Level 0.5 Fighting
 + Level 2.8 Dodging
 - Level 1.4 Stealth
 + Level 3.3 Spellcasting
 + Level 5.1 Ice Magic


You had 8 spell levels left.
You knew the following spells:

 Your Spells              Type           Power      Damage    Failure   Level
a - Freeze                Ice            84%        1d10      1%          1

Your spell library contained the following spells:

 Spells                   Type           Power      Damage    Failure   Level
 Frozen Ramparts          Ice            42%        1d7       5%          3
 Ozocubu's Armour         Ice            21%        N/A       5%          3
 Hailstorm                Conj/Ice       12%        3d5       47%         4


Dungeon Overview and Level Annotations

Branches:
Dungeon (3/15) Zot: 1529

Altars:


Innate Abilities, Weirdness & Mutations

You passively map a small area around you.
You are easily found by Zot.
You glow in the dark.
You regain HP and MP as you explore.


Message History

The jackal bites you but does no damage.
The hobgoblin hits you.
The orc priest looks encouraged for a moment.
The hobgoblin misses you. The adder bites you.
Casting: Freeze (safe; 2% risk of failure)
Confirm with . or Enter, or press ? or * to list all spells.
Aiming: Freeze (safe; 2% risk of failure)
Press: ? - help, Shift-Dir - straight line, f/p - orc priest
Aim: an orc priest, wielding a +0 club (almost dead)
You freeze the orc priest.
You kill the orc priest!
The jackal barely misses you. The jackal bites you.
The hobgoblin barely misses you. x2
Your Ice Magic skill increases to level 5!
You have reached level 3!
Your experience leads to an increase in your attributes!
Increase (S)trength, (I)ntelligence, or (D)exterity?
You feel clever. x2; You feel agile.
You have reached level 4!
Magic courses through your body.
The jackal bites you but does no damage.
The adder bites you but does no damage.
A dart slug comes into view.
The hobgoblin hits you. The hobgoblin barely misses you.
Casting: Freeze (safe; 1% risk of failure)
Confirm with . or Enter, or press ? or * to list all spells.
Aiming: Freeze (safe; 1% risk of failure)
Press: ? - help, Shift-Dir - straight line, f - orc
Aim: an orc, wielding a +0 morningstar You freeze the orc.
The orc is lightly wounded.
The jackal barely misses you. The adder bites you.
* * * LOW HITPOINT WARNING * * *
The hobgoblin hits you.
* * * LOW HITPOINT WARNING * * *
The jackal bites you.
* * * LOW HITPOINT WARNING * * *
A jackal comes into view.
The hobgoblin hits you.
You die...

......).......### , ,
.....#...#....# , ,
...#####...w..# *
.......h......# * . ,
.,............####....
.......Kh.J.........
...h...#<#w#.####+#.
,.......#goSo.#*
.......+o@#.#.... ,
.......##hg.....# ~ ,
....... ......... , ~
.... ##.......# , ,
*#w.###$.. , * , ....
.. * , ,, #... #> ,
..### , ~


You could see a worm, an adder (slow), a dart slug, 3 orcs, an endoplasm, 3
jackals, 2 hobgoblins and a kobold.

Vanquished Creatures
  An orc priest (D:3)
  An endoplasm (D:1)
  A giant cockroach (D:1)
  2 goblins
  3 hobgoblins
  A kobold (D:1)
  3 ball pythons
  2 bats (D:1)
  A rat (D:3)
15 creatures vanquished.

Notes
Turn   | Place    | Note
-------+----------+-------------------------------------------
     0 | D:1      | hawla the Meteoran Ice Elementalist began the quest for the
                  | Orb.
     0 | D:1      | Reached XP level 1. HP: 14/14 MP: 5/5
    98 | D:1      | Reached XP level 2. HP: 20/20 MP: 2/6
   257 | D:3      | HP: 1/20 [kobold/+0 club (1)]
   269 | D:3      | Reached skill level 5 in Ice Magic
   269 | D:3      | Reached XP level 3. HP: 11/27 MP: 2/8
   269 | D:3      | Reached XP level 4. HP: 14/34 MP: 2/10
   270 | D:3      | Slain by a hobgoblin

Illustrated notes

Levels and vault maps discovered:
D:1:      dpeg_arrival_three_same_balls, layout_rooms,
          dilly_ecumenical_altar_fadedgnrine, minmay_tetromino_t2
D:2:      layout_basic
D:3:      layout_basic, nicolae_overflow_crystal_walls,
          mainiacjoe_overflow_chevrons, mainiacjoe_overflow_cross_hatched,
          uniq_terence

Skill      XL: |  1  2 |
---------------+-------+-----
Spellcasting   | 3 |  3.3
Ice Magic      | 5 |  5.1
Fighting       | |  0.5
Dodging        | |  2.8
Stealth        | |  1.4

Action                   |  1- 3 |  4- 6 || total
-------------------------+-------+-------++-------
Melee: Unarmed           |     2 |       ||     2
 Cast: Freeze            |    24 |     1 ||    25
  Use: Potion            |     2 |     1 ||     3
       Scroll            |     2 |       ||     2
Armor: Robe              |    19 |     2 ||    21
Dodge: Dodged            |    38 |     2 ||    40
